TOP OF THE 1ST |
Tennessee Smokies batting - Pitching for San Jose Giants : RHP Jim Sprayberry
|
Pitching: RHP Jim Sprayberry
|
|
Batting: LHB Nate Greening
|
0-0: Ball 1-0: Ball 2-0: Called Strike 2-1: Ball 3-1: Swinging Strike 3-2: Strikes out looking
|
Batting: RHB Du Kim
|
0-0: Ground out 6-3 (Groundball, 56D, EV 91.9 MPH)
|
Batting: LHB Daigo Ishii
|
0-0: Ball 1-0: Foul Ball, location: 2F 1-1: Ball 2-1: Swinging Strike 2-2: Foul Ball, location: 2F 2-2: Ball 3-2: Strikes out swinging
|
Top of the 1st over - 0 runs, 0 hits, 0 errors, 0 left on base; Tennessee 0 - San Jose 0 |
BOTTOM OF THE 1ST |
San Jose Giants batting - Pitching for Tennessee Smokies : RHP Roberto Cruz
|
Pitching: RHP Roberto Cruz
|
|
Batting: RHB Guillermo Mojica
|
0-0: Called Strike 0-1: SINGLE (Groundball, 6S, EV 67.5 MPH) (infield hit)
|
Batting: RHB Billy Pranger
|
0-0: Called Strike 0-1: Called Strike 0-2: Strikes out swinging
|
Batting: LHB Mike Roberts
|
0-0: Called Strike Guillermo Mojica steals 2nd base 0-1: Swinging Strike 0-2: Ball 1-2: Foul Ball, location: 2F 1-2: Ground out 4-3 (Groundball, 4, EV 88.8 MPH) Guillermo Mojica to third
|
Batting: LHB Ryan Braden
|
0-0: 2-RUN HOME RUN (Flyball, 9LD, EV 96.2 MPH), Distance : 365 ft
|
Batting: RHB Azedine Kirui
|
0-0: Ball 1-0: Called Strike 1-1: Ground out 5-3 (Groundball, 56, EV 103.1 MPH)
|
Bottom of the 1st over - 2 runs, 2 hits, 0 errors, 0 left on base; Tennessee 0 - San Jose 2 |
TOP OF THE 2ND |
Tennessee Smokies batting - Pitching for San Jose Giants : RHP Jim Sprayberry
|
Batting: RHB Ricky Ramirez
|
0-0: Ball 1-0: Called Strike 1-1: Ball 2-1: Swinging Strike 2-2: Strikes out swinging
|
Batting: RHB Juan Bonilla
|
0-0: Ball 1-0: Swinging Strike 1-1: Fly out, F8 (Flyball, 89D, EV 91.9 MPH)
|
Batting: RHB Armando Vilano
|
0-0: Ball 1-0: Called Strike 1-1: Foul Ball, location: 2F 1-2: Ball 2-2: Strikes out looking
|
Top of the 2nd over - 0 runs, 0 hits, 0 errors, 0 left on base; Tennessee 0 - San Jose 2 |
BOTTOM OF THE 2ND |
San Jose Giants batting - Pitching for Tennessee Smokies : RHP Roberto Cruz
|
Batting: RHB Laroya Foronda
|
0-0: Ball 1-0: Called Strike 1-1: Ball 2-1: Ground out U3 (Groundball, 34S, EV 86.9 MPH)
|
Pitching: RHP Anastagio Fasola
|
|
Batting: SHB David Beauchamp
|
0-0: Called Strike 0-1: Called Strike 0-2: DOUBLE (Groundball, 5L, EV 106.2 MPH)
|
Batting: RHB Adam Noyes
|
0-0: Called Strike 0-1: SINGLE (Groundball, 34D, EV 103.8 MPH) David Beauchamp to third Runner from 3rd tries for Home, throw by RF and OUT! 9-2
|
Batting: LHB Yeong-hun Joe
|
0-0: Ball 1-0: Fly out, F8 (Line Drive, 8RM, EV 88.8 MPH)
|
Bottom of the 2nd over - 0 runs, 2 hits, 0 errors, 1 left on base; Tennessee 0 - San Jose 2 |
TOP OF THE 3RD |
Tennessee Smokies batting - Pitching for San Jose Giants : RHP Jim Sprayberry
|
Pitching: RHP Kohsuke Naito
|
|
Batting: RHB Taylor Garofalo
|
0-0: Ball 1-0: Called Strike 1-1: Ball 2-1: Ball 3-1: Called Strike 3-2: Base on Balls
|
Batting: RHB Dylan Burke
|
0-0: Ball 1-0: Ball 2-0: Ball 3-0: Called Strike 3-1: Called Strike 3-2: Strikes out swinging
|
Batting: RHB Alvaro Romero
|
0-0: Called Strike 0-1: SINGLE (Groundball, 4MD, EV 97.5 MPH) Taylor Garofalo to second
|
Batting: LHB Nate Greening
|
0-0: Reached on error, E3 (Groundball, 34, EV 109.4 MPH) Taylor Garofalo to third Alvaro Romero to second
|
Batting: RHB Du Kim
|
0-0: Fielders Choice at 2nd, 6-4 (Groundball, 6, EV 103.1 MPH) Taylor Garofalo scores Alvaro Romero to third
|
Batting: LHB Daigo Ishii
|
0-0: Called Strike 0-1: Foul Ball, location: 2F 0-2: Ground out 5-3 (Groundball, 56S, EV 90.6 MPH)
|
Top of the 3rd over - 1 run, 1 hit, 1 error, 2 left on base; Tennessee 1 - San Jose 2 |
BOTTOM OF THE 3RD |
San Jose Giants batting - Pitching for Tennessee Smokies : RHP Anastagio Fasola
|
Batting: RHB Guillermo Mojica
|
0-0: Bunt for hit to 13 - play at first, batter OUT! 1-3
|
Batting: RHB Billy Pranger
|
0-0: Ball 1-0: Ball 2-0: Ball 3-0: Base on Balls
|
Batting: LHB Mike Roberts
|
0-0: Ball 1-0: SINGLE (Flyball, 7LS, EV 94.4 MPH) Billy Pranger to second
|
Batting: LHB Ryan Braden
|
0-0: Called Strike 0-1: Swinging Strike 0-2: Strikes out looking
|
Batting: RHB Azedine Kirui
|
0-0: Ball 1-0: Called Strike 1-1: Fielders Choice at 2nd, 6-4 (Groundball, 6D, EV 80.0 MPH)
|
Bottom of the 3rd over - 0 runs, 1 hit, 0 errors, 2 left on base; Tennessee 1 - San Jose 2 |
TOP OF THE 4TH |
Tennessee Smokies batting - Pitching for San Jose Giants : RHP Kohsuke Naito
|
Batting: RHB Ricky Ramirez
|
0-0: Called Strike 0-1: Called Strike 0-2: Ball 1-2: Ball 2-2: Ball 3-2: SINGLE (Groundball, 56D, EV 95.6 MPH)
|
Batting: RHB Juan Bonilla
|
0-0: Swinging Strike 0-1: Called Strike 0-2: Ball 1-2: Foul Ball, location: 2F 1-2: Strikes out swinging
|
Batting: RHB Armando Vilano
|
0-0: Called Strike 0-1: Foul Ball, location: 2F 0-2: Ball 1-2: SINGLE (Groundball, 56, EV 96.9 MPH) Ricky Ramirez to second
|
Batting: RHB Taylor Garofalo
|
0-0: Swinging Strike 0-1: Foul Ball, location: 2F 0-2: Foul Ball, location: 2F 0-2: Strikes out swinging
|
Batting: RHB Dylan Burke
|
0-0: Fielders Choice at 2nd, 5-4 (Groundball, 56, EV 85.6 MPH)
|
Top of the 4th over - 0 runs, 2 hits, 0 errors, 2 left on base; Tennessee 1 - San Jose 2 |
BOTTOM OF THE 4TH |
San Jose Giants batting - Pitching for Tennessee Smokies : RHP Anastagio Fasola
|
Pitching: RHP Jose Ramirez
|
|
Batting: RHB Laroya Foronda
|
0-0: Ball 1-0: Called Strike 1-1: Foul Ball, location: 2F 1-2: SINGLE (Groundball, 4MD, EV 108.1 MPH)
|
Batting: SHB David Beauchamp
|
0-0: Ball Laroya Foronda steals 2nd base 1-0: Ground out 3-1 (Groundball, 34S, EV 86.9 MPH) Laroya Foronda to third
|
Batting: RHB Adam Noyes
|
0-0: Ball 1-0: Ball 2-0: Called Strike 2-1: Foul Ball, location: 2F 2-2: Ball 3-2: Foul Ball, location: 2F 3-2: Foul Ball, location: 2F 3-2: Base on Balls
|
Batting: LHB Yeong-hun Joe
|
0-0: Called Strike Adam Noyes steals 2nd base 0-1: Ball 1-1: Ground out 1-3 (Groundball, 13S, EV 70.6 MPH)
|
Batting: RHB Guillermo Mojica
|
0-0: Ball 1-0: Foul Ball, location: 2F 1-1: Fly out, F7 (Flyball, 7, EV 91.2 MPH)
|
Bottom of the 4th over - 0 runs, 1 hit, 0 errors, 2 left on base; Tennessee 1 - San Jose 2 |
TOP OF THE 5TH |
Tennessee Smokies batting - Pitching for San Jose Giants : RHP Kohsuke Naito
|
Batting: RHB Alvaro Romero
|
0-0: Called Strike 0-1: Ground out 4-3 (Groundball, 4, EV 105.6 MPH)
|
Batting: LHB Nate Greening
|
0-0: Ball 1-0: Called Strike 1-1: Foul Ball, location: 2F 1-2: Strikes out swinging
|
Batting: RHB Du Kim
|
0-0: Called Strike 0-1: Swinging Strike 0-2: Ball 1-2: Ball 2-2: Ball 3-2: Foul Ball, location: 2F 3-2: Strikes out swinging
|
Top of the 5th over - 0 runs, 0 hits, 0 errors, 0 left on base; Tennessee 1 - San Jose 2 |
BOTTOM OF THE 5TH |
San Jose Giants batting - Pitching for Tennessee Smokies : RHP Jose Ramirez
|
Pitching: LHP Ricardo Saucedo
|
|
Batting: RHB Billy Pranger
|
0-0: Ball 1-0: Foul Ball, location: 2F 1-1: Ball 2-1: Ball 3-1: Called Strike 3-2: Base on Balls
|
Batting: LHB Mike Roberts
|
0-0: Ball 1-0: Swinging Strike 1-1: Foul Ball, location: 2F 1-2: Ball 2-2: Strikes out swinging
|
Batting: LHB Ryan Braden
|
0-0: Ball 1-0: Ball 2-0: Ball 3-0: Base on Balls Billy Pranger to second
|
Batting: RHB Azedine Kirui
|
0-0: Ball 1-0: Ball 2-0: Ball 3-0: Foul Ball, location: 2F 3-1: Base on Balls Billy Pranger to third Ryan Braden to second
|
Pitching: RHP Bogdan Sdobnyakov
|
|
Batting: RHB Laroya Foronda
|
0-0: Foul Ball, location: 2F 0-1: Ball 1-1: Foul Ball, location: 2F 1-2: Foul Ball, location: 2F 1-2: Strikes out swinging
|
Batting: SHB David Beauchamp
|
0-0: Ball 1-0: Foul Ball, location: 2F 1-1: Ball 2-1: GRAND SLAM HOME RUN (Flyball, 78XD, EV 100.0 MPH), Distance : 401 ft
|
Batting: RHB Adam Noyes
|
0-0: Swinging Strike 0-1: Swinging Strike 0-2: Ball 1-2: Ball 2-2: Foul Ball, location: 2F 2-2: Ball 3-2: SINGLE (Flyball, 5D, EV 97.5 MPH)
|
Batting: LHB Yeong-hun Joe
|
0-0: Ball 1-0: Ball 2-0: Foul Ball, location: 2F 2-1: Ball 3-1: Called Strike 3-2: Foul Ball, location: 2F 3-2: Base on Balls Adam Noyes to second
|
Pitching: RHP Velimir Sljivancanin
|
|
Batting: RHB Guillermo Mojica
|
0-0: Foul Ball, location: 2F 0-1: Called Strike 0-2: Ball 1-2: Ball 2-2: SINGLE (Groundball, 34D, EV 99.4 MPH) Adam Noyes to third Yeong-hun Joe to second Runner from 3rd tries for Home, SAFE, throw by RF to home
|
Batting: RHB Billy Pranger
|
0-0: Called Strike 0-1: Ball 1-1: Foul Ball, location: 2F 1-2: Foul Ball, location: 2F 1-2: Foul Ball, location: 2F 1-2: SINGLE (Groundball, 6MD, EV 96.9 MPH) Yeong-hun Joe to third Guillermo Mojica to second Runner from 3rd tries for Home, throw by CF and OUT! 8-2
|
Bottom of the 5th over - 5 runs, 4 hits, 0 errors, 2 left on base; Tennessee 1 - San Jose 7 |
TOP OF THE 6TH |
Tennessee Smokies batting - Pitching for San Jose Giants : RHP Kohsuke Naito
|
Pitching: RHP Julio Arteaga
|
|
Batting: LHB Daigo Ishii
|
0-0: Ball 1-0: Ball 2-0: Ball 3-0: Base on Balls
|
Batting: RHB Ricky Ramirez
|
0-0: Called Strike 0-1: Ball 1-1: Foul Ball, location: 2F 1-2: Ball 2-2: Ball 3-2: Base on Balls Daigo Ishii to second
|
Batting: RHB Juan Bonilla
|
0-0: Called Strike 0-1: Grounds into double play, 4-6-3 (Groundball, 34, EV 103.8 MPH) Daigo Ishii to third
|
Batting: RHB Armando Vilano
|
0-0: Foul Ball, location: 2F 0-1: Ball 1-1: Ground out 5-3 (Groundball, 56, EV 78.1 MPH)
|
Top of the 6th over - 0 runs, 0 hits, 0 errors, 1 left on base; Tennessee 1 - San Jose 7 |
BOTTOM OF THE 6TH |
San Jose Giants batting - Pitching for Tennessee Smokies : RHP Velimir Sljivancanin
|
Batting: LHB Mike Roberts
|
0-0: Ball 1-0: Ball 2-0: Called Strike 2-1: Ball 3-1: SINGLE (Flyball, 6D, EV 86.9 MPH)
|
Batting: LHB Ryan Braden
|
0-0: Ball 1-0: Foul Ball, location: 2F 1-1: Ball 2-1: Ball 3-1: Base on Balls Mike Roberts to second
|
Batting: RHB Azedine Kirui
|
0-0: Ball 1-0: Ball 2-0: Ball Passed Ball! Mike Roberts to third Ryan Braden to second 3-0: Base on Balls
|
Batting: RHB Laroya Foronda
|
0-0: Swinging Strike 0-1: SINGLE (Groundball, 56D, EV 103.1 MPH) Mike Roberts scores Ryan Braden to third Azedine Kirui to second
|
Batting: SHB David Beauchamp
|
0-0: Foul Ball, location: 2F 0-1: Foul Ball, location: 2F 0-2: SINGLE (Line Drive, 34, EV 98.8 MPH) Ryan Braden scores Azedine Kirui to third Laroya Foronda to second
|
Batting: RHB Adam Noyes
|
0-0: Called Strike 0-1: Ball 1-1: DOUBLE (Line Drive, 78XD, EV 98.1 MPH) Azedine Kirui scores Laroya Foronda scores David Beauchamp to third
|
Pitching: LHP Emir Jalil
|
|
Batting: LHB Yeong-hun Joe
|
0-0: Fly out, F8 (Flyball, 8LM, EV 88.1 MPH) Runner from 3rd tags up, SCORES, throw by CF
|
Batting: RHB Guillermo Mojica
|
0-0: Ball 1-0: Ball 2-0: Ball 3-0: Base on Balls
|
Batting: RHB Billy Pranger
|
0-0: Fly out, F7 (Flyball, 7, EV 95.0 MPH)
|
Batting: LHB Mike Roberts
|
0-0: Ball Wild Pitch! Adam Noyes to third Guillermo Mojica to second 1-0: Called Strike 1-1: Fly out, F7 (Flyball, 78M, EV 95.6 MPH)
|
Bottom of the 6th over - 5 runs, 4 hits, 0 errors, 2 left on base; Tennessee 1 - San Jose 12 |
TOP OF THE 7TH |
Tennessee Smokies batting - Pitching for San Jose Giants : RHP Julio Arteaga
|
Batting: RHB Taylor Garofalo
|
0-0: Ground out 5-3 (Groundball, 56S, EV 89.4 MPH)
|
Batting: RHB Dylan Burke
|
0-0: Called Strike 0-1: Ball 1-1: Foul Ball, location: 2F 1-2: Strikes out swinging
|
Batting: RHB Alvaro Romero
|
0-0: Fly out, F7 (Flyball, 7, EV 80.6 MPH)
|
Top of the 7th over - 0 runs, 0 hits, 0 errors, 0 left on base; Tennessee 1 - San Jose 12 |
BOTTOM OF THE 7TH |
San Jose Giants batting - Pitching for Tennessee Smokies : LHP Emir Jalil
|
Pinch Hitting: LHB Steve Nevis
|
0-0: Called Strike 0-1: Ball 1-1: SINGLE (Groundball, 6S, EV 73.8 MPH) (infield hit)
|
Batting: RHB Azedine Kirui
|
0-0: Ball 1-0: SINGLE (Line Drive, 89S, EV 93.1 MPH) Steve Nevis to second
|
Batting: RHB Laroya Foronda
|
0-0: Ball Wild Pitch! Steve Nevis to third Azedine Kirui to second 1-0: Swinging Strike 1-1: SINGLE (Groundball, 56D, EV 107.5 MPH) Steve Nevis scores Azedine Kirui to third Runner from 3rd tries for Home, throw by LF and OUT! 7-2 Laroya Foronda to second
|
Batting: SHB David Beauchamp
|
0-0: Ball 1-0: Swinging Strike 1-1: Ball 2-1: Foul Ball, location: 2F 2-2: Foul Ball, location: 2F 2-2: Foul Ball, location: 2F 2-2: Ball 3-2: Base on Balls
|
Pitching: RHP Denis Rachin
|
|
Batting: RHB Adam Noyes
|
0-0: Ball 1-0: Ball 2-0: Foul Ball, location: 2F 2-1: Ball 3-1: Called Strike 3-2: Foul Ball, location: 2F 3-2: Foul Ball, location: 2F 3-2: Base on Balls Laroya Foronda to third David Beauchamp to second
|
Batting: LHB Yeong-hun Joe
|
0-0: Swinging Strike 0-1: Foul Ball, location: 2F 0-2: Hit by Pitch Laroya Foronda scores David Beauchamp to third Adam Noyes to second
|
Batting: RHB Guillermo Mojica
|
0-0: GRAND SLAM HOME RUN (Flyball, 78XD, EV 108.8 MPH), Distance : 433 ft
|
Batting: RHB Billy Pranger
|
0-0: Foul Ball, location: 2F 0-1: Ball 1-1: Ball 2-1: Foul Ball, location: 2F 2-2: Ball 3-2: Base on Balls
|
Pitching: RHP Roy Battist
|
|
Batting: LHB Mike Roberts
|
0-0: Fielders Choice at 2nd, 3-6 (Groundball, 3, EV 88.8 MPH)
|
Batting: LHB Steve Nevis
|
0-0: Foul Ball, location: 2F 0-1: Called Strike 0-2: Foul Ball, location: 2F 0-2: Ball Balk! Mike Roberts to second 1-2: Foul Ball, location: 2F Balk! Mike Roberts to third 1-2: Ball 2-2: Ball 3-2: Ground out 6-3 (Groundball, 56D, EV 106.2 MPH)
|
Bottom of the 7th over - 6 runs, 4 hits, 0 errors, 1 left on base; Tennessee 1 - San Jose 18 |
TOP OF THE 8TH |
Tennessee Smokies batting - Pitching for San Jose Giants : RHP Julio Arteaga
|
Now in LF: Steve Nevis
|
|
Batting: LHB Nate Greening
|
0-0: Ball 1-0: Called Strike 1-1: Foul Ball, location: 2F 1-2: Ball 2-2: Strikes out swinging
|
Batting: RHB Du Kim
|
0-0: Called Strike 0-1: Foul Ball, location: 2F 0-2: Foul Ball, location: 2F 0-2: Ball 1-2: Ball 2-2: Foul Ball, location: 2F 2-2: Ball 3-2: SINGLE (Line Drive, 4D, EV 99.4 MPH)
|
Pitching: RHP Steve Ryals
|
|
Batting: LHB Daigo Ishii
|
0-0: Ball 1-0: Swinging Strike 1-1: Foul Ball, location: 2F 1-2: Ball 2-2: Ball 3-2: Foul Ball, location: 2F 3-2: Strikes out looking
|
Batting: RHB Ricky Ramirez
|
0-0: Called Strike 0-1: Ground out 6-3 (Groundball, 6S, EV 86.9 MPH)
|
Top of the 8th over - 0 runs, 1 hit, 0 errors, 1 left on base; Tennessee 1 - San Jose 18 |
BOTTOM OF THE 8TH |
San Jose Giants batting - Pitching for Tennessee Smokies : RHP Roy Battist
|
Batting: RHB Azedine Kirui
|
0-0: SINGLE (Line Drive, 6MD, EV 101.2 MPH)
|
Batting: RHB Laroya Foronda
|
0-0: Ball 1-0: Ball 2-0: Ball 3-0: Called Strike 3-1: Called Strike 3-2: Fly out, F7 (Flyball, 7D, EV 95.6 MPH)
|
Batting: SHB David Beauchamp
|
0-0: Ball 1-0: Foul Ball, location: 2F 1-1: Grounds into double play, 6-4-3 (Groundball, 6, EV 99.4 MPH)
|
Bottom of the 8th over - 0 runs, 1 hit, 0 errors, 0 left on base; Tennessee 1 - San Jose 18 |
TOP OF THE 9TH |
Tennessee Smokies batting - Pitching for San Jose Giants : RHP Steve Ryals
|
Batting: RHB Juan Bonilla
|
0-0: Foul Ball, location: 2F 0-1: Called Strike 0-2: Ball 1-2: Strikes out looking
|
Batting: RHB Armando Vilano
|
0-0: Ground out U3 (Groundball, 34S, EV 76.2 MPH)
|
Batting: RHB Taylor Garofalo
|
0-0: Ball 1-0: Called Strike 1-1: Ball 2-1: Swinging Strike 2-2: Strikes out swinging
|
Top of the 9th over - 0 runs, 0 hits, 0 errors, 0 left on base; Tennessee 1 - San Jose 18 |
|